 Dungeon Crawl Stone Soup version 0.29.0-4-gdea44cf6ec (webtiles) character file.

Game seed: 11899287642752478558

20872 gelatine the Thaumaturge (level 12, -3/94 HPs)
             Began as a Demonspawn Venom Mage on Aug 26, 2022.
             Was an Elder of Vehumet.
             Slain by an eight-headed hydra (5 damage)
             ... on level 4 of the Lair of Beasts on Aug 27, 2022.
             The game lasted 01:04:47 (18985 turns).

gelatine the Thaumaturge (Demonspawn Venom Mage)   Turns: 18985, Time: 01:04:47

Health: -3/94      AC: 31    Str:  9    XL:     12   Next: 49%
Magic:  8/26       EV: 11    Int: 22    God:    Vehumet [****..]
Gold:   467        SH:  4    Dex: 15    Spells: 10/31 levels left

rFire   . . .      SeeInvis .   x - +3 dagger (elec)
rCold   + . .      Faith    .   (no shield)
rNeg    . . .      Spirit   .   L - +5 ring mail {Will+}
rPois   .          Reflect  .   q - +2 hat
rElec   .          Harm     .   (no cloak)
rCorr   .          Rampage  .   d - +1 pair of gloves
Will    +....                   w - +1 pair of boots of the Ecumenical Temple {rC+ Int+2}
Stlth   +.........              M - amulet of magic regeneration
HPRegen 0.25/turn               l - ring of wizardry
MPRegen 0.60/turn               m - +4 ring of protection

@: about to teleport, very slow
A: horns 1, slimy green scales 1, icemail 2, condensation shield, beak, talons
1, subdued magic 1
a: Renounce Religion


You were on level 4 of the Lair of Beasts.
You worshipped Vehumet.
Vehumet was greatly pleased with you.
You visited 3 branches of the dungeon, and saw 15 of its levels.

You collected 695 gold pieces.
You spent 228 gold pieces at shops.

Inventory:

Hand Weapons
 x - a +3 dagger of electrocution (weapon)
 B - a +1 long sword of draining
Missiles
 u - a throwing net
 y - 9 boomerangs
 A - 2 silver boomerangs
 P - a curare-tipped dart
Armour
 a - a +0 robe
 d - a +1 pair of gloves (worn)
 q - a +2 hat (worn)
 w - the +1 pair of boots of the Ecumenical Temple (worn) {rC+ Int+2}
   (You bought it in a shop on level 1 of the Dungeon)

   Int:       It affects your intelligence (+2).
   rC:        It protects you from cold.
 F - a +0 buckler
 L - a +5 ring mail of willpower (worn)
 O - a +0 kite shield
Jewellery
 c - a ring of see invisible
 f - a ring of protection from cold
 l - a ring of wizardry (left hand)
 m - a +4 ring of protection (right hand)
 C - an amulet of the acrobat
 K - a ring of positive energy
 M - an amulet of magic regeneration (around neck)
 N - a +4 ring of protection
Wands
 D - a wand of acid (13)
 G - a wand of flame (19)
 H - a wand of iceblast (7)
 Q - a wand of mindburst (5)
Scrolls
 b - a scroll of fear
 e - a scroll of magic mapping
 o - a scroll of summoning
 p - 5 scrolls of noise
 s - a scroll of silence
 t - 2 scrolls of teleportation
 E - a scroll of vulnerability
 J - a scroll of poison
Potions
 g - 6 potions of curing
 h - 3 potions of attraction
 i - a potion of cancellation
 j - 3 potions of mutation
 k - 3 potions of haste
 n - 4 potions of brilliance
 r - a potion of lignification {unknown}
 v - 3 potions of might {unknown}
 z - 4 potions of resistance
 I - a potion of magic
 S - a potion of heal wounds {unknown}
Miscellaneous
 R - a phantom mirror (inert)


   Skills:
 * Level 8.9 Fighting
 + Level 3.1 Short Blades
 + Level 4.4 Armour
 + Level 4.3 Dodging
 + Level 2.9 Stealth
 + Level 3.1 Shields
 + Level 0.3 Unarmed Combat
 + Level 10.1 Spellcasting
 + Level 4.4 Conjurations
 + Level 5.9 Necromancy
 * Level 5.2 Translocations
 + Level 3.0 Transmutations
 + Level 5.1 Fire Magic
 + Level 1.4 Air Magic
 + Level 5.8 Poison Magic
 + Level 3.0 Evocations


You had 10 spell levels left.
You knew the following spells:

 Your Spells              Type           Power      Damage    Failure   Level
a - Sting                 Tmut/Pois      92%        1d7       1%          1
b - Poisonous Vapours     Pois/Air       42%        N/A       1%          2
c - Mephitic Cloud        Conj/Pois/Air  21%        N/A       1%          3
d - Olgreb's Toxic Radia  Pois           28%        N/A       1%          4
e - Foxfire               Conj/Fire      96%        2x1d8     1%          1
f - Vampiric Draining     Necr           28%        2d8       1%          3
g - Blink                 Tloc           52%        N/A       1%          2
h - Manifold Assault      Tloc           26%        N/A       16%         5

Your spell library contained the following spells:

 Spells                   Type           Power      Damage    Failure   Level
 Frozen Ramparts          Ice            16%        1d3       4%          3
 Lesser Beckoning         Tloc           26%        N/A       1%          3
 Slow                     Hex            32%        N/A       5%          1
 Portal Projectile        Hex/Tloc       34%        N/A       5%          3
 Iskenderun's Battlesphe  Conj           23%        2d8       7%          5
 Confusing Touch          Hex            8%         N/A       16%         3
 Tukima's Dance           Hex            8%         N/A       16%         3
 Blade Hands              Tmut           9%         N/A       38%         5
 Summon Ice Beast         Ice/Summ       8%         N/A       45%         4
 Iron Shot                Conj/Erth      8%         9d3       58%         6
 Summon Mana Viper        Hex/Summ       8%         N/A       80%         5
 Spellforged Servitor     Conj/Summ      8%         N/A       97%         7
 Monstrous Menagerie      Summ           4%         N/A       100%        7
 Borgnjor's Revivificati  Necr           14%        N/A       100%        8
 Necromutation            Tmut/Necr      11%        N/A       100%        8
 Death's Door             Necr           14%        N/A       100%        9


Dungeon Overview and Level Annotations

Branches:
Dungeon (9/15)             Temple (1/1) D:6            Lair (5/5) D:9
 Shoals (0/4) Lair:3        Snake (0/4) Lair:2
  Slime: Lair:4-5       Orc: D:9-12

Altars:
Ashenzari
Cheibriados
Dithmenos
Fedhas
Gozag
Hepliaklqana
Kikubaaqudgha
Makhleb
Nemelex Xobeh
Okawaru
Qazlal
Ru
Sif Muna
Trog
Uskayaw
Vehumet
Wu Jian
Xom
Yredelemnul

Shops:
D:1 [[**   D:7 *

Annotations:
D:9 4 runed translucent doors


Innate Abilities, Weirdness & Mutations

You have a pair of small horns on your head.
You are partially covered in slimy green scales. (AC +2)
A meltable icy envelope protects you from harm. (AC +8)
A meltable shield of frost defends you. (SH +4)
You have a beak for a mouth.
You have sharp toenails.
Your spells are a little easier to cast, but a little less powerful.


Message History

The eight-headed hydra bites you but does no damage. x3
The eight-headed hydra closely misses you.
The eight-headed hydra attacks as you move away!
The eight-headed hydra bites you but does no damage. x3
The eight-headed hydra bites you!
* * * LOW HITPOINT WARNING * * *
The eight-headed hydra closely misses you.
The eight-headed hydra bites you but does no damage.
You block the eight-headed hydra's attack.
The eight-headed hydra completely misses you.
You enter the shallow water.
Moving in this stuff is going to be slow.
As you read the scroll of teleportation, it crumbles to dust.
You feel strangely unstable.
You feel stable enough to blink again.
The eight-headed hydra bites you but does no damage.
The eight-headed hydra barely misses you.
The eight-headed hydra bites you but does no damage.
The eight-headed hydra closely misses you.
The eight-headed hydra completely misses you.
You block the eight-headed hydra's attack.
The eight-headed hydra bites you but does no damage.
The eight-headed hydra bites you!
* * * LOW HITPOINT WARNING * * *
Aiming: Phantom Mirror
Press: ? - help, Q - select action, (/) - cycle Dir - move target, f/p - eight-headed hydra
Aim: an eight-headed hydra (moderately wounded, covered in acid)
You reflect the eight-headed hydra with the mirror!
The mirror clouds!
The yak closely misses you.
Your eight-headed hydra barely misses the eight-headed hydra.
Your eight-headed hydra bites the eight-headed hydra!
Your eight-headed hydra barely misses the eight-headed hydra.
Your eight-headed hydra bites the eight-headed hydra! x4
Your eight-headed hydra bites the eight-headed hydra.
The eight-headed hydra bites you but does no damage. x2
The eight-headed hydra barely misses you.
The eight-headed hydra closely misses you.
The eight-headed hydra bites you.
You die...

##...## #...†## #.# #..
##....###..>.#####.# #..
#....##...†.†.....### ##..
##..####..<...~.~...## ###P..
##...# #...~~~~~~~...####.....
###....####...~≈≈≈~≈~...##.......
........#.#..~~~≈≈~≈≈~........#..
............~~≈~~YD≈≈~~........#.
............~~≈~@D.≈≈~~P.........
.............~≈≈..~≈≈~.#.........
...##...##..~~~≈≈≈≈≈≈~~##...P..#.
..#######.#...~≈≈≈≈≈~~..#..##...#
..# ###...~~≈~~~~.......##### .##
#.....~.~.~.........#### ##
##..#.#~P#...........##.
##.###.###...........P. ###
####.#............


You could see an eight-headed hydra (corroded, ally target), a yak and a
friendly eight-headed hydra (summoned, corroded, drained).

Vanquished Creatures
  2 hydras
  6 elephants
  A black mamba (Lair:1)
  4 cane toads
  3 komodo dragons
  4 rime drakes
  3 hornets
  2 polar bears
  Prince Ribbit (D:6)
  15 blink frogs
  A shadow (D:8)
  26 yaks
  A wraith (D:8)
  2 wyverns
  3 nagas (Lair:2)
  An acid dragon (D:9)
  6 water moccasins
  An orc warrior (D:9)
  An ice beast (D:5)
  A sky beast (D:7)
  21 wolves
  7 centaurs
  5 bullfrogs
  2 kobold brigands
  2 necrophages
  5 scorpions
  10 wights
  3 killer bees (D:8)
  2 electric eels (Lair:3)
  5 howler monkeys
  3 jellies
  4 hounds
  3 orc priests
  An iron imp (D:7)
  4 iguanas
  Ijyb (D:5)
  An orc wizard (D:8)
  8 adders
  4 white imps
  A worm (D:2)
  4 dart slugs
  12 orcs
  7 ball pythons
  11 endoplasms
  2 giant cockroaches (D:1)
  8 goblins
  13 hobgoblins
  2 quokkas
  9 bats
  5 frilled lizards
  17 kobolds
  4 rats
  A butterfly (Lair:1)
271 creatures vanquished.

Vanquished Creatures (collateral kills)
  6 foxfires
6 creatures vanquished.

Vanquished Creatures (others)
  724 foxfires
  14 fungi
  15 plants
753 creatures vanquished.

Grand Total: 1030 creatures vanquished

Notes
Turn   | Place    | Note
-------+----------+-------------------------------------------
     0 | D:1      | gelatine the Demonspawn Venom Mage began the quest for the
                  | Orb.
     0 | D:1      | Reached XP level 1. HP: 13/13 MP: 3/3
   613 | D:1      | Found Xadonnihe's Antique Armour Shop.
   669 | D:1      | Gained mutation: A meltable shield of frost defends you.
                  | (SH +4) [demonic ancestry]
   669 | D:1      | Reached XP level 2. HP: 17/20 MP: 0/5
   735 | D:1      | Reached skill level 1 in Transmutations
  1193 | D:1      | Found Ruyrghif's Antique Armour Shoppe.
  1198 | D:1      | You fall into a shaft and drop 1 floor!
  1407 | D:2      | Gained mutation: A meltable icy envelope protects you from
                  | harm. (AC +8) [demonic ancestry]
  1407 | D:2      | Reached XP level 3. HP: 25/25 MP: 3/6
  1513 | D:1      | Found Kagh's Assorted Antiques.
  1525 | D:1      | Found Painud's General Store.
  1732 | D:2      | Learned a level 2 spell: Poisonous Vapours
  2567 | D:2      | Gained mutation: A meltable icy envelope protects you from
                  | harm. (AC +8) [demonic ancestry]
  2567 | D:2      | Reached XP level 4. HP: 24/31 MP: 2/8
  2646 | D:2      | Found a faded altar of an unknown god.
  3102 | D:3      | Reached skill level 3 in Spellcasting
  3619 | D:3      | Found a radiant altar of Vehumet.
  3750 | D:3      | Became a worshipper of Vehumet
  4063 | D:4      | Learned a level 3 spell: Mephitic Cloud
  4187 | D:4      | Reached XP level 5. HP: 36/36 MP: 0/10
  4224 | D:4      | Learned a level 4 spell: Olgreb's Toxic Radiance
  4463 | D:4      | Reached skill level 1 in Fighting
  4687 | D:4      | Reached skill level 1 in Conjurations
  4687 | D:4      | Reached XP level 6. HP: 41/43 MP: 7/11
  4743 | D:4      | Reached skill level 4 in Spellcasting
  4983 | D:4      | Reached * piety under Vehumet
  4983 | D:4      | Offered knowledge of Foxfire by Vehumet.
  4987 | D:4      | Learned a level 1 spell: Foxfire
  5089 | D:5      | Entered Level 5 of the Dungeon
  5133 | D:5      | Gained mutation: You are partially covered in slimy green
                  | scales. (AC +2) [demonic ancestry]
  5133 | D:5      | Reached XP level 7. HP: 50/50 MP: 7/13
  5202 | D:5      | Learned a level 3 spell: Vampiric Draining
  5210 | D:5      | Reached skill level 1 in Fire Magic
  5381 | D:5      | Reached skill level 1 in Necromancy
  5534 | D:5      | Reached skill level 1 in Short Blades
  5724 | D:5      | Noticed Ijyb
  5731 | D:5      | Killed Ijyb
  6453 | D:6      | Reached XP level 8. HP: 56/57 MP: 10/15
  6681 | D:6      | Reached skill level 5 in Spellcasting
  6955 | D:6      | Noticed a hornet
  6967 | D:6      | Killed a hornet
  6968 | D:6      | Reached skill level 1 in Shields
  7279 | D:1      | Bought a pair of faintly humming boots for 228 gold pieces
  7279 | D:1      | Identified the +1 pair of boots of the Ecumenical Temple
                  | {rC+ Int+2} (You bought it in a shop on level 1 of the
                  | Dungeon)
  7287 | D:1      | Learned a level 2 spell: Blink
  7551 | D:6      | Found a staircase to the Ecumenical Temple.
  7560 | Temple   | Entered the Ecumenical Temple
  7964 | D:6      | Noticed Prince Ribbit
  7970 | D:6      | Killed Prince Ribbit
  8409 | D:7      | Found a snail-covered altar of Cheibriados.
  8560 | D:7      | Found Caney's Assorted Antiques.
  8573 | D:7      | Reached skill level 1 in Evocations
  8699 | D:7      | Reached skill level 1 in Translocations
  8878 | D:7      | Gained mutation: You have a pair of small horns on your
                  | head. [demonic ancestry]
  8878 | D:7      | Reached XP level 9. HP: 64/67 MP: 7/17
  9157 | D:7      | Reached skill level 6 in Spellcasting
  9819 | D:7      | Reached skill level 5 in Fighting
 10066 | D:8      | Reached ** piety under Vehumet
 10066 | D:8      | Offered knowledge of Sandblast by Vehumet.
 10733 | D:8      | Reached skill level 1 in Armour
 10907 | D:8      | Reached skill level 1 in Air Magic
 11407 | D:8      | Reached XP level 10. HP: 61/75 MP: 10/20
 11667 | D:9      | Found a huge runed translucent gate.
 11690 | D:9      | Found a huge runed translucent gate.
 11690 | D:9      | Found a huge runed translucent gate.
 11690 | D:9      | Found a huge runed translucent gate.
 11690 | D:9      | Noticed a death yak
 11712 | D:9      | Found a blossoming altar of Fedhas.
 11832 | D:9      | Reached skill level 7 in Spellcasting
 11832 | D:9      | Reached skill level 5 in Poison Magic
 12111 | D:9      | Found a staircase to the Lair.
 12268 | D:9      | Found a sparkling altar of Nemelex Xobeh.
 12273 | D:9      | Found an ancient bone altar of Kikubaaqudgha.
 12431 | Lair:1   | Entered Level 1 of the Lair of Beasts
 12469 | Lair:1   | Noticed a black mamba
 12486 | Lair:1   | Killed a black mamba
 12993 | Lair:1   | Reached skill level 8 in Spellcasting
 13017 | Lair:1   | Noticed a cane toad
 13029 | Lair:1   | Killed a cane toad
 13029 | Lair:1   | Offered knowledge of Conjure Flame by Vehumet.
 13030 | Lair:1   | Reached XP level 11. HP: 84/84 MP: 10/23
 13960 | Lair:2   | Reached *** piety under Vehumet
 14406 | Lair:2   | Reached skill level 9 in Spellcasting
 15066 | Lair:2   | Noticed a six-headed hydra
 15082 | Lair:2   | Killed a six-headed hydra
 15083 | Lair:2   | Reached skill level 5 in Necromancy
 15292 | Lair:2   | Learned a level 5 spell: Manifold Assault
 15653 | Lair:2   | Found a staircase to the Snake Pit.
 16253 | Lair:3   | Gained mutation: Your magical capacity is low. (-10% MP)
                  | [potion of mutation]
 16254 | Lair:3   | Lost mutation: Your magical capacity is low. (-10% MP)
                  | [potion of mutation]
 16254 | Lair:3   | Gained mutation: You are somewhat resistant to further
                  | mutation. [potion of mutation]
 16254 | Lair:3   | Gained mutation: You have sharp fingernails. [potion of
                  | mutation]
 16255 | Lair:3   | Lost mutation: You are somewhat resistant to further
                  | mutation. [potion of mutation]
 16255 | Lair:3   | Lost mutation: You have sharp fingernails. [potion of
                  | mutation]
 16255 | Lair:3   | Gained mutation: You have a beak for a mouth. [potion of
                  | mutation]
 16255 | Lair:3   | Gained mutation: Your spells are a little easier to cast,
                  | but a little less powerful. [potion of mutation]
 16255 | Lair:3   | Gained mutation: You have sharp toenails. [potion of
                  | mutation]
 16866 | Lair:3   | Reached XP level 12. HP: 93/93 MP: 17/25
 17017 | Lair:3   | Found a staircase to the Shoals.
 17076 | Lair:4   | Offered knowledge of Frozen Ramparts by Vehumet.
 17233 | Lair:4   | Noticed an eight-headed hydra
 17244 | Lair:4   | Killed an eight-headed hydra
 17545 | Lair:3   | Reached skill level 5 in Fire Magic
 18222 | Lair:4   | Reached skill level 10 in Spellcasting
 18955 | Lair:5   | Entered Level 5 of the Lair of Beasts
 18956 | Lair:5   | Noticed an eight-headed hydra
 18969 | Lair:4   | Reached skill level 5 in Translocations
 18970 | Lair:4   | Reached **** piety under Vehumet
 18984 | Lair:4   | HP: 1/94 [eight-headed hydra (7)]
 18985 | Lair:4   | Slain by an eight-headed hydra

Illustrated notes

Levels and vault maps discovered:
D:1:      nicolae_arrival_memento_mori, layout_rooms, serial_shops,
          nicolae_shop_statue_plus, shop, nicolae_square_shop, shop
D:2:      layout_basic, shapermc_ecumenical_altar_hornbeckon, feat_on_display
D:3:      layout_rooms, lemuel_round_altar
D:4:      minmay_opposing_rooms, layout_loops_ring, minmay_crystal_room,
          corexii_corridor_pit
D:5:      layout_loops_ring, dk_noncrumbling_2, uniq_ijyb
D:6:      layout_gridville, lemuel_temple_firewalk_b, uniq_prince_ribbit1
D:7:      layout_layer_cave, slow_altar_2, serial_shops,
          nicolae_shop_advertising_works [nicolae_subvault_shop_adworks]
D:8:      layout_loops_corners
D:9:      lemuel_bear_cage, layout_cave_pools, minitemple, fedhas_altar_2,
          grunt_lair_entry_orc_guard_hut
Temple:   compressed_dpeg_triangle_lava_temple
Lair:1:   layout_roguey, serial_bayou_shore_b, lemuel_fruit_fields
Lair:2:   layout_long_grid, minmay_snake_entry_guardpost_medium
Lair:3:   layout_chaotic_city, elwin_shoals_entry_rooms, lemuel_centaur_altar
Lair:4:   layout_gridlike, infiniplex_staircase_pool_2
Lair:5:   minmay_lair_end_enchanted_forest, layout_cave_pods, slime_entry_1,
          minmay_stone_trees_small, grunt_forest_small_clearing_treed

Skill      XL: |  1  2  3  4  5  6  7  8  9 10 11 12 |
---------------+-------------------------------------+-----
Transmutations | 1 2 3 |  3.0
Dodging        | 2 3 4 |  4.3
Stealth        | 2 |  2.9
Spellcasting   | 3 4 5 6 8 9 10 | 10.1
Poison Magic   | 4 5 |  5.8
Fighting       | 1 2 4 6 7 8 |  8.9
Conjurations   | 1 2 3 4 |  4.4
Fire Magic     | 2 3 4 5 |  5.1
Necromancy     | 2 4 5 |  5.9
Short Blades   | 1 2 3 |  3.1
Shields        | 1 3 |  3.1
Evocations     | 1 3 |  3.0
Translocations | 1 2 4 5 |  5.2
Armour         | 1 2 3 4 |  4.4
Air Magic      | 1 |  1.4
Unarmed Combat | |  0.3

Action                   |  1- 3 |  4- 6 |  7- 9 | 10-12 || total
-------------------------+-------+-------+-------+-------++-------
Melee: Unarmed           |    56 |       |       |       ||    56
       Punch             |     3 |       |     2 |     4 ||     9
       Short sword       |    21 |       |       |       ||    21
       Dagger            |       |    64 |   139 |   339 ||   542
       Whip              |       |     1 |       |       ||     1
       Headbutt          |       |       |    19 |    69 ||    88
       Peck              |       |       |       |    17 ||    17
       Long sword        |       |       |       |    13 ||    13
 Cast: Sting             |    86 |    82 |    24 |    22 ||   214
       Poisonous Vapours |       |     5 |     1 |     7 ||    13
       Mephitic Cloud    |       |     1 |     1 |     1 ||     3
       Olgreb's Toxic Ra |       |     1 |     7 |    23 ||    31
       Foxfire           |       |     5 |   209 |   210 ||   424
       Vampiric Draining |       |       |    13 |    91 ||   104
       Blink             |       |       |     3 |    14 ||    17
       Manifold Assault  |       |       |       |    12 ||    12
Evoke: Wand              |       |       |     1 |     1 ||     2
       Phantom mirror    |       |       |       |     1 ||     1
  Use: Potion            |     1 |       |     3 |     3 ||     7
       Scroll            |       |     1 |    10 |    14 ||    25
 Stab: Confused          |       |     1 |       |       ||     1
Armor: Robe              |    33 |    32 |    38 |       ||   103
       Ring mail         |       |       |    57 |   600 ||   657
Dodge: Dodged            |    91 |    31 |    85 |   462 ||   669
Block: Other             |    24 |     9 |    47 |   124 ||   204
